 Dungeon Crawl Stone Soup version 0.22-a0-525-gf69a080 (webtiles) character file.

28200 Amnesiac the Nimble (level 13, -2/75 (76) HPs)
             Began as a Spriggan Monk on June 21, 2018.
             Was the Champion of Ru.
             Succumbed to a green ugly thing's poison
             ... on level 14 of the Dungeon.
             The game lasted 00:38:50 (17524 turns).

Amnesiac the Nimble (Spriggan Monk)                Turns: 17524, Time: 00:38:51

HP:   -2/75 (76)    AC:  3    Str: 11    XL:     13   Next: 8%
MP:   16/33         EV: 31    Int: 12    God:    Ru [******]
Gold: 779           SH:  0    Dex: 19    Spells: 9/12 levels left

rFire    . . .     SeeInvis +   a - +2 dagger (venom)
rCold    + . .     Gourm    .   (shield restricted)
rNeg     . . .     Faith    .   F - +1 robe {rC+}
rPois    +         Spirit   +   (helmet restricted)
rElec    .         Reflect  .   k - scarf {repulsion}
rCorr    .         Harm     .   (gloves unavailable)
MR       ++...                  (boots unavailable)
Stlth    ++++......             w - amulet of guardian spirit
HPRegen  0.22/turn              o - ring of magical power
MPRegen  0.23/turn              O - ring of poison resistance

@: lethally poisoned (-2 -> -61), exhausted, no potions, no scrolls, drained,
repel missiles, very quick
A: very small, unfitting armour, see invisible, herbivore, speed 3, slow
metabolism 2, inability to drink while threatened, inability to read while
threatened, cowardly, inexperienced 1
a: Draw Out Power, Power Leap, Apocalypse, Renounce Religion


You were on level 14 of the Dungeon.
You worshipped Ru.
Ru was exalted by your worship.
You were not hungry.

You visited 2 branches of the dungeon, and saw 15 of its levels.

You collected 779 gold pieces.

Inventory:

Hand Weapons
 a - a +2 dagger of venom (weapon)
 b - the +10 long sword "Jaaculup" {venom, rPois rC+ Int+9 Dex-4}
   (You found it on level 5 of the Dungeon)

   It poisons the flesh of those it strikes.
   It affects your intelligence (+9).
   It affects your dexterity (-4).
   It protects you from cold.
   It protects you from poison.
 A - a +0 blowgun
 C - a +3 scimitar of freezing
 M - a +3 scimitar of flaming
Missiles
 t - 52 poisoned needles
 N - 4 throwing nets (quivered)
Armour
 k - a scarf of repulsion (worn)
 v - a scarf of cloud immunity
 F - a +1 robe of cold resistance (worn)
 R - a +0 robe of magic resistance
Jewellery
 m - an uncursed ring of ice
 o - a ring of magical power (left hand)
 u - a +5 ring of intelligence
 w - an amulet of guardian spirit (around neck)
 O - a ring of poison resistance (right hand)
Wands
 i - a wand of clouds (6)
 r - a wand of acid (1)
 I - a wand of iceblast (38)
 K - a wand of random effects (18)
Scrolls
 d - a scroll of identify {!r}
 f - 2 scrolls of enchant weapon {!r}
 j - 4 scrolls of teleportation {!r}
 l - 4 scrolls of fear {!r}
 p - 3 scrolls of magic mapping {!r}
 q - 2 scrolls of blinking {!r}
 s - 2 scrolls of fog {!r}
 x - 9 scrolls of remove curse {!r, unknown}
 y - a scroll of amnesia {!r}
 E - 2 scrolls of silence {!r}
 J - 2 scrolls of enchant armour {!r}
 L - a scroll of summoning {!r}
Potions
 e - a potion of brilliance {!q}
 g - a potion of cancellation {!q}
 h - 6 potions of curing {!q}
 n - 3 potions of might {!q}
 z - a potion of invisibility {!q}
 B - 2 potions of agility {!q}
 D - 2 potions of flight {!q}
 G - a potion of heal wounds {!q}
 H - a potion of magic {!q}
 P - a potion of ambrosia {!q, unknown}
 Q - a potion of haste {!q, unknown}
Comestibles
 c - 13 rations


   Skills:
 * Level 12.6(12.0) Fighting
 - Level 8.0(7.4) Short Blades
 + Level 14.9(14.2) Dodging
 - Level 8.0(7.4) Stealth
 + Level 13.3(12.7) Evocations


You had 9 spell levels left.
You knew the following spells:

 Your Spells              Type           Power        Failure   Level  Hunger
r - Regeneration          Chrm/Necr      #.........   69%         3    ####...

Your spell library contained the following spells:

 Spells                   Type           Power        Failure   Level  Hunger
 Magic Dart               Conj           #...         32%         1    ##.....
 Conjure Flame            Conj/Fire      #.......     69%         3    ####...
 Slow                     Hex            #.......     45%         2    ###....
 Mephitic Cloud           Conj/Pois/Air  #.......     69%         3    ####...
 Summon Small Mammal      Summ           #...         32%         1    ##.....
 Blink                    Tloc           N/A          45%         2    ###....
 Iskenderun's Mystic Bla  Conj           #.......     97%         4    #####..
 Animate Dead             Necr           N/A          97%         4    #####..
 Pain                     Necr           #...         32%         1    ##.....
 Animate Skeleton         Necr           N/A          32%         1    ##.....
 Vampiric Draining        Necr           #.........   69%         3    ####...
 Summon Ice Beast         Ice/Summ       #.......     97%         4    #####..
 Call Imp                 Summ           #.......     45%         2    ###....
 Call Canine Familiar     Summ           #.......     69%         3    ####...
 Fulminant Prism          Conj/Hex       #.........   97%         4    #####..
 Dazzling Spray           Conj/Hex       #.....       69%         3    ####...
 Force Lance              Conj/Tloc      #.......     97%         4    #####..
 Searing Ray              Conj           #.....       45%         2    ###....
 Summon Lightning Spire   Summ/Air       #.......     97%         4    #####..
 Summon Guardian Golem    Hex/Summ       #.......     69%         3    ####...


Dungeon Overview and Level Annotations

Branches:
Dungeon (14/15)            Temple (1/1) D:4            Lair (0/6) D:10
    Orc (0/2) D:10         Vaults (0/5) D:13

Altars:
Ashenzari
Cheibriados
Dithmenos
Elyvilon
Gozag
Hepliaklqana
Kikubaaqudgha
Makhleb
Nemelex Xobeh
Okawaru
Qazlal
Ru
Sif Muna
Trog
Uskayaw
Vehumet
Wu Jian
Xom
Yredelemnul
Zin
The Shining One

Shops:
D:12 [


Innate Abilities, Weirdness & Mutations

You are very small and have problems with some larger weapons.
You are too small for most types of armour.
You have supernaturally acute eyesight. (SInv)
You are a herbivore.
You cover ground extremely quickly.
You need to consume almost no food.
You cannot drink potions while threatened.
You cannot read scrolls while threatened.
Your cowardice makes you less effective in combat with threatening monsters.
You are somewhat inexperienced. (-2 XL)


Message History

You are poisoned.
The green ugly thing poisons you!
You slash the green ugly thing!
You kill the green ugly thing!
* * * LOW HITPOINT WARNING * * *
You feel very sick.
You strike the helpless green ugly thing from behind!
You hit the green ugly thing.
The green ugly thing is heavily wounded.
* * * LOW HITPOINT WARNING * * *
You feel sick. The green ugly thing kicks you.
* * * LOW HITPOINT WARNING * * *
* * * LOW HITPOINT WARNING * * *
You feel sick.
You are restored by drawing out deep reserves of power within.
You feel drained.
You feel sick.
You feel sick.
The green ugly thing is no longer blind.
The green ugly thing kicks you!
You are lethally poisoned!
The green ugly thing poisons you!
You hit the green ugly thing.
The green ugly thing is heavily wounded.
* * * LOW HITPOINT WARNING * * *
You feel very sick.
The green ugly thing completely misses you.
You hit the green ugly thing.
The green ugly thing is severely wounded.
* * * LOW HITPOINT WARNING * * *
You feel very sick. The green ugly thing kicks you.
* * * LOW HITPOINT WARNING * * *
You are more poisoned.
The green ugly thing poisons you!
The green ugly thing is stunned by your will and fails to attack.
You hit the green ugly thing.
The green ugly thing is severely wounded.
* * * LOW HITPOINT WARNING * * *
You feel extremely sick. The green ugly thing kicks you!
* * * LOW HITPOINT WARNING * * *
You focus your will and blind the green ugly thing in retribution!
Wield which item (- for none, * to show all)? (? for menu, Esc to quit)
The +10 long sword "Jaaculup" {venom, rPois rC+ Int+9 Dex-4} stops dripping with poison.
Your +2 dagger of venom begins to drip with poison!
a - a +2 dagger of venom (weapon)
* * * LOW HITPOINT WARNING * * *
You feel very sick.
You catch the helpless green ugly thing completely off-guard!
You impale the green ugly thing!!
You kill the green ugly thing!
* * * LOW HITPOINT WARNING * * *
You feel very sick.
* * * LOW HITPOINT WARNING * * *
You feel very sick.
* * * LOW HITPOINT WARNING * * *
You feel very sick.
You cannot drink potions in your current state!
You cannot drink potions in your current state!
Okay, then.
* * * LOW HITPOINT WARNING * * *
You feel very sick.
You're too exhausted to draw out your power.
You die...

### #.#### #########
#.@..# #.......#
#.##.# #.......#
###.##W#####.......#
#...##....##.......#
#.###.#####..#.......#
#.....# ##.'.......#
####.###.# ###.......#
.# .. #.#.# #u......#
...###.###.#.#
#.......#


There were no monsters in sight!

Vanquished Creatures
  Snorg (D:13)
  2 hydras (D:12)
  2 death knights
  8 two-headed ogres
  An unseen horror (D:10)
  2 necromancers (D:13)
  A deep elf mage (D:13)
  3 manticores
  6 ugly things
  A cyclops (D:11)
  Maurice (D:8)
  A centaur zombie (D:13)
  Joseph (D:9)
  A gargoyle (D:11)
  3 centaur skeletons
  A freezing wraith (D:13)
  A komodo dragon (D:8)
  An efreet (D:13)
  2 tengu conjurers (D:13)
  A merfolk (D:10)
  3 trolls
  6 slime creatures (D:13)
  2 hippogriffs
  A meliai zombie (D:12)
  3 shadows
  Sigmund (D:4)
  A vampire (D:13)
  17 yaks
  3 wraiths
  A hungry ghost (D:8)
  A water moccasin (D:9)
  6 orc warriors
  3 black bears
  5 ice beasts
  An eye of draining (D:12)
  2 necrophages
  3 wolves (D:10)
  7 ogres
  3 centaurs (D:11)
  2 crocodiles
  A big kobold (D:11)
  A gnoll sergeant (D:7)
  9 bullfrogs
  2 wyvern zombies
  A water moccasin zombie (D:8)
  A scorpion (D:6)
  9 wights
  4 electric eels (D:10)
  6 howler monkeys
  4 crimson imps
  4 bullfrog zombies
  10 hounds
  6 jellies
  A bullfrog skeleton (D:11)
  6 orc priests
  16 orc wizards
  3 iguanas
  4 worker ants
  A yak simulacrum (D:13)
  3 polar bear simulacra (D:13)
  4 wolf simulacra (D:13)
  2 hound skeletons
  Robin (D:3)
  11 gnolls
  A howler monkey skeleton (D:6)
  18 adders
  3 shadow imps
  An ooze (shapeshifter) (D:13)
  An ooze (D:5)
  An adder skeleton (D:4)
  6 worms
  2 dart slugs (D:3)
  8 leopard geckos
  47 orcs
  4 giant cockroaches
  16 goblins
  9 hobgoblins
  2 jackals (D:9)
  13 kobolds
  4 quokkas
  A ball python (D:5)
  4 bats
  4 frilled lizards
  A giant cockroach zombie (D:5)
  A jackal skeleton (D:5)
  A quokka skeleton (D:8)
  8 rats
  3 river rat simulacra (D:13)
380 creatures vanquished.

Vanquished Creatures (others)
  Fannar (D:12)
  An ogre (D:9)
  A wight (D:7)
  An orc (D:10)
  A hobgoblin (D:3)
5 creatures vanquished.

Grand Total: 385 creatures vanquished

Notes
Turn   | Place    | Note
-------+----------+-------------------------------------------
     0 | D:1      | Amnesiac the Spriggan Monk began the quest for the Orb.
     0 | D:1      | Reached XP level 1. HP: 11/11 MP: 2/2
   412 | D:3      | Reached XP level 2. HP: 16/16 MP: 3/3
   627 | D:4      | Reached skill level 5 in Stealth
   724 | D:4      | Noticed Sigmund
   827 | D:4      | Found a staircase to the Ecumenical Temple.
   833 | Temple   | Entered the Ecumenical Temple
  1003 | Temple   | Became a worshipper of Ru the Awakened
  1031 | D:4      | Gained mutation: You cannot read scrolls while threatened. [Ru sacrifice]
  1031 | D:4      | Reached * piety under Ru
  1054 | D:3      | Found a bloodstained altar of Trog.
  1285 | D:1      | Reached XP level 3. HP: 19/19 MP: 4/4
  1739 | D:2      | Found a faded altar of an unknown god.
  2157 | D:2      | Noticed Robin
  2720 | D:2      | Reached XP level 4. HP: 23/23 MP: 5/5
  2942 | D:3      | Killed Robin
  4366 | D:4      | Learned a level 3 spell: Regeneration
  4422 | D:4      | Noticed an ice beast
  4554 | D:3      | Gained mutation: You cannot drink potions while threatened. [Ru sacrifice]
  4554 | D:3      | Reached ** piety under Ru
  4918 | D:3      | Reached XP level 5. HP: 15/27 MP: 6/6
  4967 | D:3      | Reached skill level 5 in Short Blades
  5482 | D:4      | Killed an ice beast
  5482 | D:4      | Reached XP level 6. HP: 32/32 MP: 7/7
  6343 | D:4      | Killed Sigmund
  6343 | D:4      | Reached XP level 7. HP: 35/35 MP: 8/8
  6388 | D:5      | Entered Level 5 of the Dungeon
  6662 | D:5      | Got a crystal long sword
  6663 | D:5      | Identified the +10 long sword "Jaaculup" {venom, rPois rC+ Int+9 Dex-4} (You found it on level 5 of the Dungeon)
  6865 | D:5      | Reached skill level 1 in Evocations
  6880 | D:5      | Reached skill level 5 in Dodging
  7055 | D:5      | Reached XP level 8. HP: 37/40 MP: 10/10
  7328 | D:6      | Reached skill level 6 in Dodging
  7514 | D:6      | Reached skill level 5 in Fighting
  7514 | D:6      | Reached skill level 7 in Dodging
  7966 | D:6      | Found a white marble altar of Elyvilon.
  7967 | D:6      | Found a burning altar of Makhleb.
  8110 | D:6      | Reached skill level 5 in Evocations
  8174 | D:6      | Found an ancient bone altar of Kikubaaqudgha.
  8309 | D:7      | Found a glowing silver altar of Zin.
  8367 | D:7      | Reached XP level 9. HP: 32/46 MP: 13/13
  8734 | D:7      | Gained mutation: You are somewhat inexperienced. (-2 XL) [Ru sacrifice]
  8734 | D:7      | Reached XP level 8. HP: 43/43 MP: 22/22
  8734 | D:7      | Reached XP level 7. HP: 39/39 MP: 21/21
  8734 | D:7      | Reached *** piety under Ru
  8734 | D:7      | Reached **** piety under Ru
  8734 | D:7      | Reached ***** piety under Ru
  8798 | D:7      | Reached skill level 8 in Dodging
  9270 | D:7      | Reached XP level 8. HP: 21/44 MP: 13/13
  9587 | D:8      | Noticed Maurice
  9591 | D:8      | Noticed a hippogriff
  9593 | D:8      | Found a sparkling altar of Nemelex Xobeh.
  9601 | D:8      | Killed Maurice
  9606 | D:8      | Killed a hippogriff
  9606 | D:8      | Reached skill level 9 in Dodging
  9805 | D:8      | Noticed a two-headed ogre
  9813 | D:8      | Killed a two-headed ogre
  9813 | D:8      | Reached XP level 9. HP: 49/49 MP: 15/15
  9905 | D:8      | Noticed a two-headed ogre
  9911 | D:8      | Killed a two-headed ogre
 10035 | D:8      | Reached skill level 10 in Dodging
 10087 | D:8      | Noticed a komodo dragon
 10106 | D:8      | Killed a komodo dragon
 10468 | D:9      | Reached XP level 10. HP: 56/56 MP: 17/17
 10582 | D:9      | Noticed a two-headed ogre
 10858 | D:9      | Killed a two-headed ogre
 10859 | D:9      | Reached skill level 11 in Dodging
 11047 | D:9      | Noticed a two-headed ogre
 11052 | D:9      | Killed a two-headed ogre
 11231 | D:9      | Noticed Joseph
 11254 | D:9      | Killed Joseph
 11302 | D:9      | Noticed a two-headed ogre
 11324 | D:9      | Killed a two-headed ogre
 11419 | D:10     | Entered Level 10 of the Dungeon
 11462 | D:10     | Reached skill level 10 in Evocations
 11511 | D:10     | Noticed an unseen horror
 11518 | D:10     | Killed an unseen horror
 11518 | D:10     | Reached XP level 11. HP: 49/62 MP: 19/19
 11760 | D:10     | Found a staircase to the Lair.
 11765 | D:10     | Gained mutation: Your cowardice makes you less effective in combat with threatening monsters. [Ru sacrifice]
 11765 | D:10     | Reached ****** piety under Ru
 11782 | D:10     | Reached skill level 12 in Dodging
 11823 | D:10     | Reached skill level 10 in Fighting
 12041 | D:10     | Found a staircase to the Orcish Mines.
 12259 | D:10     | Noticed a two-headed ogre
 12572 | D:10     | Killed a two-headed ogre
 13471 | D:11     | Noticed a death knight
 13493 | D:11     | Killed a death knight
 13626 | D:11     | Noticed a cyan ugly thing
 13653 | D:11     | Killed a cyan ugly thing
 14103 | D:11     | Reached skill level 13 in Dodging
 14369 | D:12     | Found Ympieps's Antique Armour Boutique.
 14374 | D:12     | Noticed a seven-headed hydra
 14417 | D:12     | Killed an eight-headed hydra
 14459 | D:12     | Noticed a seven-headed hydra
 14464 | D:12     | Killed a seven-headed hydra
 14464 | D:12     | Reached XP level 12. HP: 47/69 MP: 18/21
 14535 | D:12     | Noticed Fannar
 14552 | D:12     | Killed Fannar
 15011 | D:13     | Noticed a death knight
 15038 | D:13     | Killed a death knight
 15327 | D:13     | Reached skill level 14 in Dodging
 16054 | D:13     | Noticed Snorg
 16070 | D:13     | Killed Snorg
 16071 | D:13     | Noticed a two-headed ogre
 16104 | D:13     | Killed a two-headed ogre
 16395 | D:13     | Found a gate to the Vaults.
 17079 | D:14     | Noticed a two-headed ogre
 17103 | D:14     | Killed a two-headed ogre
 17236 | D:14     | Reached XP level 13. HP: 33/75 MP: 16/23
 17523 | D:14     | HP: 1/75 [poisoned by a green ugly thing]
 17524 | D:14     | Succumbed to a green ugly thing's poison

Vault maps used:
D:1:      erik_arrival_triangle_medium
D:2:      first_ration, chequers_ecumenical_altar_island, uniq_robin
D:3:      kennysheep_six_static_rooms, bloody_trog
D:4:      minmay_temple_entry_hall, serial_bayou, serial_bayou_pond_a,
          serial_bayou_shore_b, serial_bayou_shore_a, serial_bayou_pond_d,
          uniq_sigmund
D:6:      nicolae_overflow_hidden_temple
D:7:      overflow_temple_1_default
D:8:      minmay_diamond_stairs, nemelex_xobeh_ov_fountains_minmay, uniq_maurice
D:9:      uniq_joseph
D:10:     erik_lair_island, orc_0_dummy, hangedman_fish_farm
D:12:     serial_shops, shop, uniq_fannar
D:13:     david_vaults_1, minmay_misc_feat_chi, grunt_decor_resistance,
          eino_house_with_fridge, uniq_snorg
D:14:     infiniplex_staircase_diamond, kennysheep_generic_room_6, uniq_frances,
          uniq_agnes
Temple:   regret_index_temple_sphere_string

Skill      XL: |  1  2  3  4  5  6  7  8  9 10 11 12 |
---------------+-------------------------------------+-----
Stealth        | 4 5 6 7 8 |  8.0
Short Blades   | 4 6 7 8 |  8.0
Evocations     | 6 7 8 10 11 13 | 13.3
Fighting       | 3 7 8 9 11 12 | 12.6
Dodging        | 8 9 10 11 13 14 | 14.9

Action                   |  1- 3 |  4- 6 |  7- 9 | 10-12 | 13-15 || total
-------------------------+-------+-------+-------+-------+-------++-------
Melee: Short sword       |    34 |    95 |    13 |       |       ||   142
       Dagger            |   123 |   271 |    66 |   125 |     1 ||   586
       Long sword        |       |       |   195 |   380 |    37 ||   612
 Fire: Blowgun           |       |    26 |       |       |       ||    26
Invok: Sacrifice Words   |     1 |       |       |       |       ||     1
       Sacrifice Drink   |       |     1 |       |       |       ||     1
       Sacrifice Experie |       |       |     1 |       |       ||     1
       Power Leap        |       |       |       |    16 |       ||    16
       Apocalypse        |       |       |       |     8 |       ||     8
       Sacrifice Courage |       |       |       |     1 |       ||     1
       Draw Out Power    |       |       |       |       |     1 ||     1
Evoke: Wand              |       |     4 |       |       |       ||     4
  Use: Potion            |       |     3 |       |       |       ||     3
       Scroll            |       |       |       |    21 |       ||    21
 Stab: Sleeping          |     8 |    10 |    24 |     7 |       ||    49
       Distracted        |     1 |     1 |     2 |    10 |     1 ||    15
       Invisible         |       |     1 |       |     7 |     2 ||    10
       Paralysed         |       |       |     1 |     5 |       ||     6
       Confused          |       |       |       |     1 |       ||     1
  Eat: Ration            |       |     2 |     2 |     5 |       ||     9
Armor: Robe              |    11 |    12 |     1 |    17 |     2 ||    43
Dodge: Dodged            |   111 |   223 |   184 |   537 |    17 ||  1072
       Deflected         |       |     4 |     1 |     8 |       ||    13
       Rpst.: Long sword |       |       |    41 |   130 |     7 ||   178

Table legend:
 A = Spawn XP
 B = Non-spawn XP
 C = Spawn XP percentage of total XP
 D = Spawn monster count
 E = Non-spawn monster count
 F = Spawn count percentage of total count
 G = Total turns spent on level
                    A         B        C        D         E        F      G
               +---------+---------+-------+---------+---------+-------+---------
         Total |       0 |   42729 |   0.0 |       0 |     384 |   0.0 | 17524
               +---------+---------+-------+---------+---------+-------+---------
           D:1 |       0 |      21 |   0.0 |       0 |      12 |   0.0 |  1116
           D:2 |       0 |      60 |   0.0 |       0 |      19 |   0.0 |  1387
           D:3 |       0 |     233 |   0.0 |       0 |      44 |   0.0 |  2361
           D:4 |       0 |     578 |   0.0 |       0 |      15 |   0.0 |  1593
           D:5 |       0 |     615 |   0.0 |       0 |      18 |   0.0 |   785
           D:6 |       0 |    1161 |   0.0 |       0 |      22 |   0.0 |  1170
           D:7 |       0 |    1289 |   0.0 |       0 |      39 |   0.0 |  1400
           D:8 |       0 |    3985 |   0.0 |       0 |      24 |   0.0 |   930
           D:9 |       0 |    4613 |   0.0 |       0 |      42 |   0.0 |  1088
          D:10 |       0 |    4191 |   0.0 |       0 |      27 |   0.0 |  1767
          D:11 |       0 |    4738 |   0.0 |       0 |      38 |   0.0 |   776
          D:12 |       0 |    5644 |   0.0 |       0 |      28 |   0.0 |   858
          D:13 |       0 |   11788 |   0.0 |       0 |      46 |   0.0 |  1672
          D:14 |       0 |    3813 |   0.0 |       0 |      10 |   0.0 |   437
               +---------+---------+-------+---------+---------+-------+---------
